 Dungeon Crawl Stone Soup version 0.30-a0-174-gbc10bd73c2 (webtiles) character file.

Game seed: 1508584596482407602

51 qw the Chopper (level 3, -1/23 HPs)
             Began as a Gargoyle Fighter on Oct 1, 2022.
             Slain by Sigmund
             ... wielding a +0 scythe
              (7 damage)
             ... on level 2 of the Dungeon.
             The game lasted 00:00:24 (806 turns).

qw the Chopper (Gargoyle Fighter)                    Turns: 806, Time: 00:00:24

Health: -1/23      AC: 10    Str: 21    XL:     3   Next: 83%
Magic:  3/3        EV:  9    Int:  8    God:
Gold:   68         SH:  0    Dex:  9    Spells: 2/2 levels left

rFire   . . .      SeeInvis .    Y - +0 war axe
rCold   . . .      Faith    .    c - +0 buckler
rNeg    + . .      Spirit   .    b - +0 scale mail
rPois   inf        Reflect  .    (no helmet)
rElec   +          Harm     .    (no cloak)
rCorr   .          Rampage  .    (no gloves)
Will    .....                    (no boots)
Stlth   ..........               (no amulet)
HPRegen 0.23/turn                (no ring)
MPRegen 0.08/turn                (no ring)

@: confused
A: sickness immunity, AC +3, negative energy resistance 1, electricity
resistance, torment resistance 1, petrification resistance
a: no special abilities


You were on level 2 of the Dungeon.
You visited 1 branch of the dungeon, and saw 2 of its levels.

You collected 68 gold pieces.


Innate Abilities, Weirdness & Mutations

You are immune to sickness and miasma.
Your stone body is resilient. (AC +3)
You are immune to poison.
You resist negative energy. (rN+)
You are resistant to electric shocks. (rElec)
You are resistant to unholy torment.
You are immune to petrification.


   Skills:
 - Level 3.2 Fighting
 + Level 3.6 Axes
 - Level 3.2 Armour
 - Level 3.2 Shields


You had 2 spell levels left.
You didn't know any spells.
Your spell library was empty.

Inventory:

Hand Weapons
 a - a +0 club
 Y - a +0 war axe (weapon)
Armour
 b - a +0 scale mail (worn)
 c - a +0 buckler (worn)
Jewellery
 g - a ring of fire
Potions
 d - a potion of might

Dungeon Overview and Level Annotations

Branches:
Dungeon (2/15)

Altars:

Annotations:
D:2 Sigmund


Message History

Sigmund flickers and vanishes!
Deactivating autopickup; reactivate with Ctrl-A.
The adder bites you but does no damage.
You hear some strange, mumbled words.
A magic dart appears from out of thin air!
The magic dart hits you.
You hit the adder but do no damage. You miss something.
The adder bites you but does no damage. The adder barely misses you.
Something hits you.
You slash the adder!
You kill the adder!
You closely miss something. Something hits you but does no damage.
You slash something! Something hits you!
You barely miss something. You closely miss something.
Something completely misses you.
You barely miss something. Something hits you but does no damage.
You closely miss something. Something hits you but does no damage.
You closely miss something. Something hits you but does no damage.
You miss something.
A rat comes into view.
Something hits you.
798 ||| FLEEEEING.
Something hits you.
799 ||| FLEEEEING.
801 ||| FLEEEEING.
802 ||| FLEEEEING.
803 ||| FLEEEEING.
You are confused.
You're too confused to move!
You hear some strange, mumbled words.
You are more confused.
You bump into the rock wall.
Something hits you!
You die...

..####.##..#######
.......##........#
..%#############.#
...# #.# .### #.#
.# #.# .#
#.####### .#
#.......# ##
####@#.#####
##.r..#.#
#######..{....##
#.................
#.#####..#.#######
#..r.%.....#
...#.###..#.#
#..#.# #..#.#


You could see a rat.

Vanquished Creatures
  3 adders (D:2)
  2 dart slugs (D:1)
  4 ball pythons
  An endoplasm (D:2)
  2 giant cockroaches
  2 hobgoblins
  4 kobolds (D:1)
  3 frilled lizards
  A goblin (D:2)
  2 rats (D:1)
24 creatures vanquished.

Notes
Turn   | Place    | Note
-------+----------+-------------------------------------------
     0 | D:1      | qw the Gargoyle Fighter began the quest for the Orb.
     0 | D:1      | Reached XP level 1. HP: 14/14 MP: 1/1
     0 | D:1      | 0 ||| qw: Version: 0.2-a-13-gfc7b4b4
     0 | D:1      | 0 ||| qw: Game counter: 1954
     0 | D:1      | 0 ||| qw: Always use a shield: true
     0 | D:1      | 0 ||| qw: God list: Okawaru
     0 | D:1      | 0 ||| qw: Allow faded altars: false
     0 | D:1      | 0 ||| qw: Do Orc after D:15 true
     0 | D:1      | 0 ||| qw: Do second Lair branch before Depths: true
     0 | D:1      | 0 ||| qw: Lair rune preference: random
     0 | D:1      | 0 ||| qw: Plans: Normal, Zot:1-4, God:TSO, Crypt, Tomb,
                  | Pan, Slime:5, Hells, Abyss, Orb
     0 | D:1      | 0 ||| PLANNING D:1-11
    56 | D:1      | Reached XP level 2. HP: 19/19 MP: 2/2
   140 | D:1      | Found a faded altar of an unknown god.
   262 | D:1      | 262 ||| Stepping ~*~*~tactically~*~*~ (hiding).
   561 | D:1      | 561 ||| READING scroll labelled UNKAMI ICZU.
   562 | D:1      | 562 ||| READING scroll labelled NICUOCW HUFRO.
   630 | D:2      | Reached skill level 3 in Axes
   648 | D:2      | Reached XP level 3. HP: 23/23 MP: 3/3
   782 | D:2      | Noticed Sigmund
   783 | D:2      | 783 ||| Stepping ~*~*~tactically~*~*~ (hiding).
   791 | D:2      | HP: 4/23 [something (9)]
   797 | D:2      | HP: 5/23 [something (1)]
   798 | D:2      | 798 ||| FLEEEEING.
   799 | D:2      | 799 ||| FLEEEEING.
   801 | D:2      | 801 ||| FLEEEEING.
   802 | D:2      | 802 ||| FLEEEEING.
   803 | D:2      | 803 ||| FLEEEEING.
   806 | D:2      | Slain by Sigmund

Levels and vault maps discovered:
D:1:      wheals_arrival_shading, layout_rooms, basic_ecumenical_altar
D:2:      layout_basic, kennysheep_generic_room_2, uniq_sigmund

Skill      XL: |  1  2 |
---------------+-------+-----
Axes           | 2 3 |  3.6
Fighting       | |  3.2
Armour         | |  3.2
Shields        | |  3.2

Action                   || total
-------------------------++-------
Melee: War axe           ||    84
  Use: Scroll            ||     2
Armor: Scale mail        ||    54
Dodge: Dodged            ||    37
Block: Buckler           ||    15

Table legend:
 A = Non-vault XP
 B = Vault XP
 C = Vault XP percentage of total XP
 D = Non-vault monster count
 E = Vault monster count
 F = Vault count percentage of total count
                 A         B        C        D         E       F
            +---------+---------+-------+---------+---------+-------
      Total |      74 |       0 |   0.0 |      24 |       0 |   0.0
            +---------+---------+-------+---------+---------+-------
        D:1 |      26 |       0 |   0.0 |      15 |       0 |   0.0
        D:2 |      48 |       0 |   0.0 |       9 |       0 |   0.0
            +---------+---------+-------+---------+---------+-------
